NWL (28 & UNDER)
BISMARCK BARONS @ CULVER CITY EXTRAS
08/23/2024
 
TOP OF THE 1ST
Bismarck Barons batting - Pitching for Culver City Extras : RHP Don Barnes
Pitching: RHP Don Barnes
Batting: RHB Tony Quinn 0-0: Called Strike
0-1: Ball
1-1: Foul Ball, location: 2F
1-2: Ball
2-2: Ball
3-2: Foul Ball, location: 2F
3-2: Base on Balls
Batting: RHB Seiji Kouno 0-0: Ball
1-0: Called Strike
1-1: Foul Ball, location: 2F
1-2: Ball
2-2: Strikes out swinging
Batting: RHB Dave Parker 0-0: Ball
1-0: Swinging Strike
1-1: Foul Ball, location: 2F
1-2: Strikes out swinging
Tony Quinn steals 2nd base
Batter strikes out.
Batting: RHB Lúcio Flores 0-0: Foul Ball, location: 2F
0-1: Foul Ball, location: 2F
0-2: Ground out 4-3 (Groundball, 4M)
Top of the 1st over - 0 run(s), 0 hit(s), 0 error(s), 1 left on base; Bismarck 0 - Culver City 0
BOTTOM OF THE 1ST
Culver City Extras batting - Pitching for Bismarck Barons : RHP José Abacil
Pitching: RHP José Abacil
Batting: RHB Jesús Hernández 0-0: Ball
1-0: Ball
2-0: Swinging Strike
2-1: Swinging Strike
2-2: Ball
3-2: Base on Balls
Batting: LHB Tanyu Imai 0-0: Ball
1-0: Ball
Jesús Hernández steals 2nd base
2-0: SINGLE (Groundball, 4MD)
Jesús Hernández to third
Runner from 3rd tries for Home, SAFE, no throw or cutoff
Batting: RHB Tony Cruz 0-0: Called Strike
Throwing error on steal attempt, E2
Tanyu Imai to third
0-1: Ball
1-1: Foul Ball, location: 2F
1-2: Ball
2-2: Strikes out swinging
Batting: LHB Larry Howard 0-0: Foul Ball, location: 2F
0-1: Fly out, F8 (Flyball, 8LD)
Runner from 3rd tags up, SCORES, no throw
Batting: LHB Ronaldo Gois 0-0: Swinging Strike
0-1: Ball
1-1: Ground out U3 (Groundball, 3S)
Bottom of the 1st over - 2 run(s), 1 hit(s), 1 error(s), 0 left on base; Bismarck 0 - Culver City 2
TOP OF THE 2ND
Bismarck Barons batting - Pitching for Culver City Extras : RHP Don Barnes
Batting: LHB Howard Lambert 0-0: Ball
1-0: Ground out U3 (Groundball, 3S)
Batting: RHB Enrique Gasporra 0-0: Called Strike
0-1: Called Strike
0-2: Foul Ball, location: 2F
0-2: Strikes out swinging
Batting: RHB Benito Minardi 0-0: Ball
1-0: Called Strike
1-1: Foul Ball, location: 2F
1-2: Foul Ball, location: 2F
1-2: Ball
2-2: Strikes out swinging
Top of the 2nd over - 0 run(s), 0 hit(s), 0 error(s), 0 left on base; Bismarck 0 - Culver City 2
BOTTOM OF THE 2ND
Culver City Extras batting - Pitching for Bismarck Barons : RHP José Abacil
Batting: RHB Roberto Gonzáles 0-0: Ball
1-0: Called Strike
1-1: Ball
2-1: Foul Ball, location: 2F
2-2: Foul Ball, location: 2F
2-2: Foul Ball, location: 2F
2-2: SINGLE (Line Drive, 7S)
Batting: RHB Walton Smith 0-0: Ball
1-0: Foul Ball, location: 2F
1-1: Grounds into double play, 4-6-3 (Groundball, 4)
Batting: RHB Jesús Gonzáles 0-0: Ball
1-0: Fly out, F8 (Flyball, 8LM)
Bottom of the 2nd over - 0 run(s), 1 hit(s), 0 error(s), 0 left on base; Bismarck 0 - Culver City 2
TOP OF THE 3RD
Bismarck Barons batting - Pitching for Culver City Extras : RHP Don Barnes
Batting: RHB Norm Francis 0-0: Ball
1-0: Swinging Strike
1-1: Foul Ball, location: 2F
1-2: Foul Ball, location: 2F
1-2: Ball
2-2: Strikes out looking
Batting: RHB Paul Ladd 0-0: Called Strike
0-1: Called Strike
0-2: Ball
1-2: Ball
2-2: Foul Ball, location: 2F
2-2: Ground out 4-3 (Groundball, 13)
Batting: RHB Tony Quinn 0-0: Foul Ball, location: 2F
0-1: Called Strike
0-2: Ball
1-2: Ground out 6-3 (Groundball, 6)
Top of the 3rd over - 0 run(s), 0 hit(s), 0 error(s), 0 left on base; Bismarck 0 - Culver City 2
BOTTOM OF THE 3RD
Culver City Extras batting - Pitching for Bismarck Barons : RHP José Abacil
Batting: RHB Artie Pennington 0-0: Called Strike
0-1: Called Strike
0-2: Ball
1-2: Ball
2-2: Ball
3-2: Ground out 1-3 (Groundball, 15S)
Batting: RHB Jesús Hernández 0-0: Called Strike
0-1: Ball
1-1: SINGLE (Groundball, 15) (infield hit)
Batting: LHB Tanyu Imai 0-0: Ball
Jesús Hernández is caught stealing 2nd base
1-0: SINGLE (Line Drive, 34D)
Batting: RHB Tony Cruz 0-0: Called Strike
Tanyu Imai steals 2nd base
0-1: Foul Ball, location: 2F
0-2: Ball
1-2: SINGLE (Groundball, 15S) (infield hit)
Tanyu Imai to third
Batting: LHB Larry Howard 0-0: Foul Ball, location: 2F
0-1: Foul Ball, location: 2F
0-2: Ball
1-2: Ball
2-2: Strikes out looking
Bottom of the 3rd over - 0 run(s), 3 hit(s), 0 error(s), 2 left on base; Bismarck 0 - Culver City 2
TOP OF THE 4TH
Bismarck Barons batting - Pitching for Culver City Extras : RHP Don Barnes
Batting: RHB Seiji Kouno 0-0: Foul Ball, location: 2F
0-1: Called Strike
0-2: Strikes out swinging
Batting: RHB Dave Parker 0-0: Ball
1-0: Swinging Strike
1-1: Called Strike
1-2: Ground out 1-3 (Groundball, 25)
Batting: RHB Lúcio Flores 0-0: Ball
1-0: Ball
2-0: Called Strike
2-1: Swinging Strike
2-2: Foul Ball, location: 2F
2-2: Fly out, F7 (Flyball, 78M)
Top of the 4th over - 0 run(s), 0 hit(s), 0 error(s), 0 left on base; Bismarck 0 - Culver City 2
BOTTOM OF THE 4TH
Culver City Extras batting - Pitching for Bismarck Barons : RHP José Abacil
Batting: LHB Ronaldo Gois 0-0: Ground out 6-3 (Groundball, 6)
Batting: RHB Roberto Gonzáles 0-0: Called Strike
0-1: Ball
1-1: Ground out 6-3 (Groundball, 6)
Batting: RHB Walton Smith 0-0: Called Strike
0-1: Ball
1-1: Foul Ball, location: 2F
1-2: Strikes out looking
Bottom of the 4th over - 0 run(s), 0 hit(s), 0 error(s), 0 left on base; Bismarck 0 - Culver City 2
TOP OF THE 5TH
Bismarck Barons batting - Pitching for Culver City Extras : RHP Don Barnes
Batting: LHB Howard Lambert 0-0: Called Strike
0-1: Ball
1-1: Foul Ball, location: 2F
1-2: Ball
2-2: DOUBLE (Flyball, 89D)
Batting: RHB Enrique Gasporra 0-0: Ball
1-0: Swinging Strike
1-1: Ball
2-1: Called Strike
2-2: Strikes out swinging
Batting: RHB Benito Minardi 0-0: Ball
1-0: Ground out 1-3 (Groundball, 13S)
Howard Lambert to third
Batting: RHB Norm Francis 0-0: Fly out, F7 (Popup, 6D)
Top of the 5th over - 0 run(s), 1 hit(s), 0 error(s), 1 left on base; Bismarck 0 - Culver City 2
BOTTOM OF THE 5TH
Culver City Extras batting - Pitching for Bismarck Barons : RHP José Abacil
Batting: RHB Jesús Gonzáles 0-0: Called Strike
0-1: Ball
1-1: Ball
2-1: SINGLE (Groundball, 34D)
Batting: RHB Artie Pennington 0-0: Ball
Jesús Gonzáles steals 2nd base
1-0: Foul Ball, location: 2F
1-1: Foul Ball, location: 2F
1-2: Foul Ball, location: 2F
1-2: Foul Ball, location: 2F
1-2: Strikes out swinging
Batting: RHB Jesús Hernández 0-0: Called Strike
0-1: Swinging Strike
0-2: Ball
1-2: Fly out, F9 (Flyball, 89M)
Batting: LHB Tanyu Imai 0-0: Foul Ball, location: 2F
0-1: Foul Ball, location: 2F
0-2: Foul Ball, location: 2F
0-2: Ball
1-2: Ball
2-2: Foul Ball, location: 2F
2-2: Ground out 6-3 (Groundball, 6)
Bottom of the 5th over - 0 run(s), 1 hit(s), 0 error(s), 1 left on base; Bismarck 0 - Culver City 2
TOP OF THE 6TH
Bismarck Barons batting - Pitching for Culver City Extras : RHP Don Barnes
Batting: RHB Paul Ladd 0-0: Ball
1-0: Swinging Strike
1-1: Ball
2-1: Ball
3-1: Base on Balls
Batting: RHB Tony Quinn 0-0: Ball
1-0: Called Strike
1-1: Foul Ball, location: 2F
1-2: Foul Ball, location: 2F
1-2: Ball
2-2: Ball
3-2: Strikes out swinging
Batting: RHB Seiji Kouno 0-0: Called Strike
0-1: Called Strike
0-2: Strikes out swinging
Batting: RHB Dave Parker 0-0: Called Strike
0-1: Ball
1-1: Ball
2-1: Foul Ball, location: 2F
2-2: Ball
3-2: Base on Balls
Paul Ladd to second
Batting: RHB Lúcio Flores 0-0: Ball
1-0: Foul Ball, location: 2F
1-1: Foul Ball, location: 2F
1-2: Ball
2-2: Strikes out swinging
Top of the 6th over - 0 run(s), 0 hit(s), 0 error(s), 2 left on base; Bismarck 0 - Culver City 2
BOTTOM OF THE 6TH
Culver City Extras batting - Pitching for Bismarck Barons : RHP José Abacil
Batting: RHB Tony Cruz 0-0: Ball
1-0: Reached on error, E6 (Groundball, 6)
Pitching: LHP Francisco Rodríguez
Batting: LHB Larry Howard 0-0: SINGLE (Groundball, 34D)
Tony Cruz to second
Runner from 2nd tries for 3rd, SAFE, throw made to third
Larry Howard to second
Batting: LHB Ronaldo Gois 0-0: Called Strike
0-1: Foul Ball, location: 2F
0-2: Foul Ball, location: 2F
0-2: Foul Ball, location: 2F
0-2: Ball
1-2: Strikes out swinging
Batting: RHB Roberto Gonzáles 0-0: Called Strike
0-1: Fly out, F8 (Flyball, 8LM)
Runner from 3rd tags up, OUT at HOME
Bottom of the 6th over - 0 run(s), 1 hit(s), 1 error(s), 1 left on base; Bismarck 0 - Culver City 2
TOP OF THE 7TH
Bismarck Barons batting - Pitching for Culver City Extras : RHP Don Barnes
Pitching: RHP Ryan Balloun
Batting: LHB Howard Lambert 0-0: Foul Ball, location: 2F
0-1: Ball
1-1: Swinging Strike
1-2: Ball
2-2: Foul Ball, location: 2F
2-2: SINGLE (Groundball, 4MD)
Pitching: RHP Augusto Herrera
Batting: RHB Enrique Gasporra 0-0: Ball
1-0: Bunted foul
1-1: Ball
2-1: Bunted foul
2-2: Ball
3-2: Base on Balls
Howard Lambert to second
Batting: RHB Benito Minardi 0-0: Sac Bunt - play at first, batter OUT! 3-4
Howard Lambert to third
Enrique Gasporra to second
Pinch Hitting: LHB Michael Cook 0-0: Ball
1-0: Called Strike
1-1: Swinging Strike
1-2: Ball
2-2: Foul Ball, location: 2F
2-2: Foul Ball, location: 2F
2-2: Strikes out looking
Batting: RHB Paul Ladd 0-0: Fly out, F8 (Flyball, 8RS)
Top of the 7th over - 0 run(s), 1 hit(s), 0 error(s), 2 left on base; Bismarck 0 - Culver City 2
BOTTOM OF THE 7TH
Culver City Extras batting - Pitching for Bismarck Barons : LHP Francisco Rodríguez
Now at 2B: David Canseco
Batting: RHB Walton Smith 0-0: Foul Ball, location: 2F
0-1: Foul Ball, location: 2F
0-2: Ground out 6-3 (Groundball, 6M)
Batting: RHB Jesús Gonzáles 0-0: Swinging Strike
0-1: Fly out, F5 (Popup, 5SF)
Batting: RHB Artie Pennington 0-0: Called Strike
0-1: Swinging Strike
0-2: Ball
1-2: Ball
2-2: Foul Ball, location: 2F
2-2: Foul Ball, location: 2F
2-2: Strikes out swinging
Bottom of the 7th over - 0 run(s), 0 hit(s), 0 error(s), 0 left on base; Bismarck 0 - Culver City 2
TOP OF THE 8TH
Bismarck Barons batting - Pitching for Culver City Extras : RHP Augusto Herrera
Batting: RHB Tony Quinn 0-0: Ball
1-0: Foul Ball, location: 2F
1-1: Swinging Strike
1-2: Ball
2-2: Fly out, F9 (Flyball, 9M)
Batting: RHB Seiji Kouno 0-0: Called Strike
0-1: Ball
1-1: SINGLE (Flyball, 8RS)
Pitching: RHP Pedro Días
Batting: RHB Dave Parker 0-0: Ball
1-0: Ball
2-0: Ball
3-0: Base on Balls
Seiji Kouno to second
Batting: RHB Lúcio Flores 0-0: Called Strike
0-1: Ball
1-1: Foul Ball, location: 2F
1-2: Ball
2-2: TRIPLE (Line Drive, 78D)
Seiji Kouno scores
Dave Parker scores
Batting: LHB Howard Lambert 0-0: Intentional Walk
Pinch Hitting: RHB Ronald Parsons 0-0: Ball
1-0: Called Strike
1-1: Fly out, F3 (Popup, 4S)
Batting: RHB Benito Minardi 0-0: Ball
1-0: Fly out, F4 (Popup, 4MD)
Top of the 8th over - 2 run(s), 2 hit(s), 0 error(s), 2 left on base; Bismarck 2 - Culver City 2
BOTTOM OF THE 8TH
Culver City Extras batting - Pitching for Bismarck Barons : LHP Francisco Rodríguez
Pitching: RHP Nick Parks
Now at 1B: Nobuharu Hoshino
Batting: RHB Jesús Hernández 0-0: Swinging Strike
0-1: SINGLE (Groundball, 56D)
Batting: LHB Tanyu Imai 0-0: Ball
1-0: Ball
2-0: Called Strike
2-1: Foul Ball, location: 2F
2-2: Foul Ball, location: 2F
2-2: Fielders Choice at 2nd, U4 (Groundball, 4M)
Batting: RHB Tony Cruz 0-0: Foul Ball, location: 2F
0-1: Foul Ball, location: 2F
0-2: Reached on error, E6 (Groundball, 6)
Tanyu Imai to second
Batting: LHB Larry Howard 0-0: Ball
1-0: Ball
2-0: Foul Ball, location: 2F
2-1: Foul Ball, location: 2F
2-2: Foul Ball, location: 2F
2-2: Fly out, F9 (Line Drive, 9M)
Batting: LHB Ronaldo Gois 0-0: Ball
1-0: Fly out, F7 (Flyball, 7S)
Bottom of the 8th over - 0 run(s), 1 hit(s), 1 error(s), 2 left on base; Bismarck 2 - Culver City 2
TOP OF THE 9TH
Bismarck Barons batting - Pitching for Culver City Extras : RHP Pedro Días
Pitching: RHP José González
Batting: RHB David Canseco 0-0: Called Strike
0-1: Foul Ball, location: 2F
0-2: Hit by Pitch
Batting: RHB Paul Ladd 0-0: Bunted foul
0-1: Sac Bunt - play at first, batter OUT! 3-4
David Canseco to second
Batting: RHB Tony Quinn 0-0: Called Strike
0-1: Fly out, F9 (Flyball, 9M)
Batting: RHB Seiji Kouno 0-0: Foul Ball, location: 2F
0-1: Ball
1-1: Called Strike
1-2: Ball
2-2: Ball
3-2: Strikes out looking
Top of the 9th over - 0 run(s), 0 hit(s), 0 error(s), 1 left on base; Bismarck 2 - Culver City 2
BOTTOM OF THE 9TH
Culver City Extras batting - Pitching for Bismarck Barons : RHP Nick Parks
Pinch Hitting: LHB Nick English 0-0: Ball
1-0: Foul Ball, location: 2F
1-1: Swinging Strike
1-2: Ball
2-2: Fly out, F9 (Flyball, 9D)
Batting: RHB Walton Smith 0-0: Called Strike
0-1: Foul Ball, location: 2F
0-2: Ball
1-2: Ground out 5-3 (Groundball, 5L)
Batting: RHB Jesús Gonzáles 0-0: Foul Ball, location: 2F
0-1: Ball
1-1: Foul Ball, location: 2F
1-2: Strikes out swinging
Bottom of the 9th over - 0 run(s), 0 hit(s), 0 error(s), 0 left on base; Bismarck 2 - Culver City 2
TOP OF THE 10TH
Bismarck Barons batting - Pitching for Culver City Extras : RHP José González
Now at SS: Horace Johnson
Batting: RHB Dave Parker 0-0: Called Strike
0-1: Called Strike
0-2: Reached on error, E5 (Groundball, 5S)
Batting: RHB Lúcio Flores 0-0: Ball
1-0: Foul Ball, location: 2F
1-1: Ground out 6-3 (Groundball, 6)
Batting: LHB Howard Lambert 0-0: Intentional Walk
Batting: RHB Nobuharu Hoshino 0-0: Ball
1-0: Ball
2-0: Ball
3-0: Called Strike
3-1: Base on Balls
Dave Parker to third
Howard Lambert to second
Batting: RHB Benito Minardi 0-0: Ball
1-0: Ball
2-0: Ball
3-0: Base on Balls
Dave Parker scores
Howard Lambert to third
Nobuharu Hoshino to second
Batting: RHB David Canseco 0-0: Ball
1-0: Swinging Strike
1-1: Ball
2-1: DOUBLE (Line Drive, 8LM)
Howard Lambert scores
Nobuharu Hoshino scores
Benito Minardi to third
Runner from 3rd tries for Home, throw and OUT!
David Canseco to third
Pitching: LHP Ron Cummins
Batting: RHB Paul Ladd 0-0: Ball
1-0: Ball
2-0: Ball
3-0: Called Strike
3-1: Called Strike
3-2: Foul Ball, location: 2F
3-2: Strikes out swinging
Top of the 10th over - 3 run(s), 1 hit(s), 1 error(s), 1 left on base; Bismarck 5 - Culver City 2
BOTTOM OF THE 10TH
Culver City Extras batting - Pitching for Bismarck Barons : RHP Nick Parks
Pitching: RHP Ignacio Beltrán
Batting: RHB Artie Pennington 0-0: Ball
1-0: Foul Ball, location: 2F
1-1: Foul Ball, location: 2F
1-2: Strikes out looking
Batting: RHB Jesús Hernández 0-0: Ball
1-0: Fly out, F7 (Flyball, 78M)
Batting: LHB Tanyu Imai 0-0: Ball
1-0: Ball
2-0: Called Strike
2-1: Ball
3-1: Called Strike
3-2: Base on Balls
Batting: RHB Tony Cruz 0-0: Called Strike
0-1: Called Strike
0-2: Ball
1-2: Ball
2-2: Fielders Choice at 2nd, U6 (Groundball, 6M)
Bottom of the 10th over - 0 run(s), 0 hit(s), 0 error(s), 1 left on base; Bismarck 5 - Culver City 2
This league is powered by Out of the Park Baseball, the baseball management simulation game for PC, Mac and Linux
Saturday, April 9th, 2016 - OOTP Baseball 16.8 Build 38